 Dungeon Sprint DCSS version 0.22.1-6-g1668fe2 (webtiles) character file.

810 thomasnlv21 the Cleaver (level 7, -1/73 HPs)
             Began as a Minotaur Berserker on Jan 20, 2019.
             Was a Priest of Trog.
             Succumbed to a kobold demonologist's poison
             ... in the Dungeon (Sprint I: "Red Sonja").
             The game lasted 00:02:18 (803 turns).

thomasnlv21 the Cleaver (Minotaur Berserker)         Turns: 803, Time: 00:02:18

Health: -1/73      AC: -5    Str: 23    XL:     7   Next: 61%
Magic:  6/6        EV: 16    Int:  4    God:    Trog [***...]
Gold:   279        SH:  0    Dex: 10    Spells: 6/6 levels left

rFire    . . .     SeeInvis .   a - +0 hand axe
rCold    . . .     Gourm    .   (no shield)
rNeg     . . .     Faith    .   b - +0 animal skin
rPois    .         Spirit   .   (helmet restricted)
rElec    .         Reflect  .   (no cloak)
rCorr    .         Harm     .   (no gloves)
MR       .....     NoTele   +   (no boots)
Stlth    +.........             (no amulet)
HPRegen  0.22/turn              (no ring)
MPRegen  0.10/turn              (no ring)

@: lethally poisoned (-1 -> -64), corroded, berserk cooldown, starving, slowed,
very slow
A: retaliatory headbutt, horns 2
a: Berserk, Trog's Hand, Renounce Religion


You were in the Dungeon.
You worshipped Trog.
Trog was most pleased with you.
You were starving.

You visited 1 branch You collected 279 gold pieces.

Inventory:

Hand Weapons
 a - a +0 hand axe (weapon)
Armour
 b - a +0 animal skin (worn)
Wands
 j - a wand of digging (21)
 k - a wand of random effects (34)
Scrolls
 i - a scroll of blinking
 m - 2 scrolls of enchant armour {unknown}
Potions
 d - a potion of curing
 e - a potion of heal wounds
 f - a potion of haste
 g - 2 potions of magic
 h - a potion of berserk rage
 l - a potion of lignification {unknown}
Comestibles
 c - a ration


   Skills:
 + Level 10.6 Fighting
 + Level 10.6 Axes
 + Level 10.3 Armour
 + Level 9.5 Dodging


You had 6 spell levels left.
You didn't know any spells.
Your spell library was empty.

Dungeon Overview and Level Annotations

Branches:
Dungeon (1/1)

Altars:
Makhleb
Sif Muna
Vehumet
Wu Jian
Xom
Jiyva
Lugonu


Innate Abilities, Weirdness & Mutations

You reflexively headbutt those who attack you in melee.
You have a pair of horns on your head.


Message History

The sticky flame hits the kobold demonologist.
The kobold demonologist is covered in liquid flames!
The kobold demonologist miscasts a cantrip.
The rust devil closely misses you.
You hit the kobold demonologist.
You kill the kobold demonologist!
Trog accepts your kill.
Trog appreciates your killing of a magic user.
The rust devil disappears in a puff of smoke!
The ice devil disappears in a puff of smoke!
The iron imp disappears in a puff of smoke!
The ufetubus disappears in a puff of smoke!
The red devil disappears in a puff of smoke!
Your Fighting skill increases to level 10!
Your Axes skill increases to level 10!
Your Armour skill increases to level 10!
Your Dodging skill increases to level 9!
You hit the kobold demonologist.
You hit the smoke demon but do no damage.
You die...

#####################
.)..#..'..#__#.3@)53#
.#..)..#..'..'.§#K§§#
###'#####'#__####§§5+
#..# #.#### #### ####
##.#§§§ #+#_.§§§
+..._#§≈≈§ #_.#+##+##
##+#


You could see a kobold demonologist, 2 smoke demons, an iron imp and a quasit.

Vanquished Creatures
  A kobold demonologist (D)
  A slime creature (D)
  Sigmund (D)
  A floating eye (D)
  An ogre (D)
  A jelly (D)
  Ijyb (D)
7 creatures vanquished.

Notes
Turn   | Place    | Note
-------+----------+-------------------------------------------
     0 | D        | thomasnlv21 the Minotaur Berserker began the quest for the
                  | Orb.
     0 | D        | Reached XP level 1. HP: 19/19 MP: 0/0
     1 | D        | Noticed Ijyb
     9 | D        | Killed Ijyb
     9 | D        | Reached skill level 5 in Axes
     9 | D        | Reached XP level 2. HP: 27/28 MP: 1/1
   204 | D        | Noticed an ogre
   206 | D        | Killed an ogre
   206 | D        | Reached skill level 5 in Armour
   206 | D        | Reached skill level 5 in Dodging
   206 | D        | Reached XP level 3. HP: 38/38 MP: 2/2
   206 | D        | Reached XP level 4. HP: 45/45 MP: 3/3
   217 | D        | Noticed Sigmund
   224 | D        | Killed Sigmund
   224 | D        | Reached ** piety under Trog
   224 | D        | Reached XP level 5. HP: 31/53 MP: 4/4
   372 | D        | Found a burning altar of Makhleb.
   372 | D        | Found a viscous altar of Jiyva.
   372 | D        | Found a shimmering altar of Xom.
   372 | D        | Found a corrupted altar of Lugonu.
   372 | D        | Noticed a slime creature
   381 | D        | Killed a slime creature
   381 | D        | Reached XP level 6. HP: 22/63 MP: 5/5
   588 | D        | Found an ornate altar of the Wu Jian Council.
   588 | D        | Found a deep blue altar of Sif Muna.
   590 | D        | Found a radiant altar of Vehumet.
   776 | D        | Noticed a kobold demonologist
   776 | D        | Noticed a floating eye
   776 | D        | Noticed a kobold demonologist
   780 | D        | Paralysed by a floating eye for 4 turns
   786 | D        | Killed a floating eye
   786 | D        | Reached XP level 7. HP: 71/71 MP: 6/6
   791 | D        | Noticed an ice devil
   797 | D        | Noticed a smoke demon
   798 | D        | Noticed a rust devil
   801 | D        | Noticed a red devil
   802 | D        | Noticed a smoke demon
   803 | D        | Killed a kobold demonologist
   803 | D        | Reached *** piety under Trog
   803 | D        | Reached skill level 10 in Fighting
   803 | D        | Reached skill level 10 in Axes
   803 | D        | Reached skill level 10 in Armour
   803 | D        | Succumbed to a kobold demonologist's poison

Skill      XL: |  1  2  3  4  5  6  7 |
---------------+----------------------+-----
Fighting       | 4 6 8 9 10 | 10.6
Axes           | 5 6 8 9 10 | 10.6
Armour         | 4 5 7 9 10 | 10.3
Dodging        | 3 5 7 8 9 |  9.5

Action                   |  1- 3 |  4- 6 |  7- 9 || total
-------------------------+-------+-------+-------++-------
Melee: Hand axe          |     8 |    21 |    17 ||    46
       Headbutt          |     2 |     7 |     1 ||    10
Invok: Berserk           |     2 |     1 |       ||     3
Armor: Animal skin       |       |     1 |     3 ||     4
Dodge: Dodged            |     2 |     9 |    11 ||    22
